 Dungeon Crawl Stone Soup version 0.31-a0-89-g637a80eef8 (webtiles) character file.

Game seed: 15402758958161364218

1610 Colgate the Reanimator (level 9, -1/67 HPs)
             Began as a Meteoran Necromancer on May 25, 2023.
             Was an Initiate of Sif Muna.
             Hit by a javelin thrown by Urug (17 damage)
             ... on level 10 of the Dungeon.
             The game lasted 00:31:46 (2057 turns).

Colgate the Reanimator (Meteoran Necromancer)       Turns: 2057, Time: 00:31:46

Health: -1/67      AC:  3    Str:  4    XL:     9   Next: 39%
Magic:  18/18      EV: 13    Int: 21    God:    Sif Muna [......]
Gold:   381        SH:  0    Dex: 19    Spells: 8/19 levels left

rFire   + . .        a - +2 orcbow
rCold   + . .        (shield currently unavailable)
rNeg    . . .        g - +0 robe of Refaezaf {Will+ Dex+3}
rPois   .            (no helmet)
rElec   +            r - +0 cloak
rCorr   .            (no gloves)
SInv    +            (no boots)
Will    ++...        (no amulet)
Stlth   +            m - ring of see invisible
HPRegen 0.31/turn    j - ring "Tacothau" {rElec rF+ rC+ Str-5 Slay+4}
MPRegen 0.16/turn

%: no passive effects
@: glowing
A: sense surroundings 2, otherworldly, glowing, explore regen
a: Renounce Religion


You were on level 10 of the Dungeon.
You worshipped Sif Muna.
Sif Muna was noncommittal.
You visited 1 branch of the dungeon, and saw 10 of its levels.

You collected 381 gold pieces.

Inventory:

Hand Weapons
 a - a +2 orcbow (weapon)
 b - the +5 whip of Annoyance {vamp, rN++ Int+3 SInv}
   (You found it on level 8 of the Dungeon)

   Int:       It affects your intelligence (+3).
   rN:        It greatly protects you from negative energy.
   SInv:      It lets you see invisible.
 n - a +0 glaive
 A - a +0 halberd
Missiles
 d - 2 throwing nets {!f}
Armour
 g - the +0 robe of Refaezaf (worn) {Will+ Dex+3}
   (You found it on level 2 of the Dungeon)

   Dex:       It affects your dexterity (+3).
   Will:      It increases your willpower.
 r - a +0 cloak (worn)
 w - a +2 ring mail of cold resistance
Magical Staves
 f - a staff of earth
 u - a staff of fire
Jewellery
 h - a ring of protection from fire
 i - a +6 ring of strength
 j - the ring "Tacothau" (right hand) {rElec rF+ rC+ Str-5 Slay+4}
   (You found it on level 2 of the Dungeon)

   [ring of protection from cold]

   Str:       It affects your strength (-5).
   Slay:      It affects your accuracy & damage with ranged weapons and melee
   (+4).
   rF:        It protects you from fire.
   rC:        It protects you from cold.
   rElec:     It insulates you from electricity.
 m - a ring of see invisible (left hand)
 s - a ring of resist corrosion
Wands
 t - a wand of quicksilver (12) {@v1}
Scrolls
 c - 3 scrolls of blinking {@r4}
 o - a scroll of amnesia
 p - a scroll of teleportation {unknown}
 q - a scroll of fog {unknown}
 v - a scroll of enchant armour {unknown}
 y - a scroll of torment {unknown}
 B - a scroll of immolation {unknown}
 D - a scroll of vulnerability {unknown}
Potions
 e - 2 potions of magic
 k - 2 potions of cancellation
 l - 2 potions of curing {@q1}
 x - a potion of enlightenment {unknown}
 z - 2 potions of haste {@q4}
 C - a potion of lignification {unknown}


   Skills:
 + Level 2.2 Fighting
 - Level 2.4 Dodging
 - Level 1.4 Stealth
 - Level 5.8 Spellcasting
 - Level 5.2 Conjurations
 - Level 9.2 Necromancy
 - Level 5.2 Earth Magic


You had 8 spell levels left.
You knew the following spells:

 Your Spells              Type           Power      Damage    Failure   Level
a - Necrotise             Necr           100%       1d9       1%          1
b - Vampiric Draining     Necr           44%        2d9       1%          3
c - Animate Dead          Necr           44%        N/A       2%          4
d - Stone Arrow           Conj/Erth      50%        3d10      4%          3

Your spell library contained the following spells:

 Spells                   Type           Power      Damage    Failure   Level
 Agony                    Necr           44%        N/A       6%          5
 Apportation              Tloc           12%        N/A       10%         1
 Beastly Appendage        Tmut           12%        N/A       10%         1
 Freeze                   Ice            24%        1d4       10%         1
 Summon Small Mammal      Summ           24%        N/A       10%         1
 Hailstorm                Conj/Ice       14%        3d5       14%         3
 Wereblood                Tmut           6%         N/A       16%         2
 Frozen Ramparts          Ice            12%        1d2       30%         3
 Spider Form              Tmut/Pois      3%         N/A       38%         3
 Animate Armour           Summ/Erth      28%        N/A       41%         4
 Lehudib's Crystal Spear  Conj/Erth      12%        10d4      100%        8


Dungeon Overview and Level Annotations

Branches:
Dungeon (10/15) Zot: 3898
 Temple: D:4-7         Lair: D:8-11         Orc: D:9-12

Altars:
Fedhas
Nemelex Xobeh
Qazlal
Ru
Sif Muna
Uskayaw
The Shining One

Annotations:
D:5 2 runed translucent doors, blade888's ghost, novice MiFi
D:10 Urug


Innate Abilities, Weirdness & Mutations

You passively map the area around you.
You are easily found by Zot.
You glow in the dark.
You regain HP and MP as you explore.


Message History

Unknown command.
Found a scroll labelled JAKHEO VYTTAMM.
C - a lumpy ruby potion
D - a scroll labelled JAKHEO VYTTAMM Your reaping aura is weakening.
Magic restored.
Your reaping aura expires.
Found 19 gold pieces.
You now have 381 gold pieces (gained 19).
Found a robe.
You see here a +0 robe.
Urug the Orcish Ballista comes into view.
She is wielding a +1 demon trident.
Urug shouts!
Urug throws a javelin.
The javelin pierces through you!!
Your centaur zombie barely misses Urug.
Your centaur zombie kicks Urug but does no damage.
Urug hits your centaur zombie with a +1 demon trident!
Your centaur zombie hits Urug but does no damage.
Your centaur zombie kicks Urug but does no damage.
Urug completely misses your centaur zombie.
Your centaur zombie misses Urug.
Your centaur zombie kicks Urug but does no damage.
Your centaur zombie hits Urug but does no damage.
Your centaur zombie kicks Urug but does no damage.
Urug hits your centaur zombie with a +1 demon trident!
Your centaur zombie hits Urug but does no damage.
Your centaur zombie closely misses Urug.
Urug hits your centaur zombie with a +1 demon trident!!
Your centaur zombie is destroyed!
You feel the dreadful sensation subside.
a - a +2 orcbow (weapon)
You shoot an arrow. The arrow hits Urug but does no damage.
You shoot an arrow. The arrow hits Urug!
You shoot an arrow. The arrow barely misses Urug.
Urug squints and screams, "I know a harpy when I see one!"
Urug throws a javelin.
The javelin pierces through you!
Urug throws a javelin.
The javelin pierces through you!!
* * * LOW HITPOINT WARNING * * *
Urug throws a javelin.
The javelin pierces through you!
You die...

# * , #.# # ###.#
# , , ##.#.## ###,
, ,, ####...o.#
..+ ,,, ,
,+........# ###,
####...### * , **
#..## , * #.## #@#
#+#* #.# #.# #.#
#.# #.#
#######.########.#
.............[...#
..........########
.###.....## .#
#..#.##


You could see Urug.

Vanquished Creatures
  A water moccasin (D:5)
  A sky beast (D:6)
  2 orc warriors
  3 centaurs
  2 scorpions
  3 wights
  A howler monkey (D:5)
  2 gnoll boudas
  2 jellies
  5 orc priests
  A sleepcap (D:6)
  An iguana (D:4)
  3 orc wizards
  8 gnolls
  5 adders
  3 white imps
  An ufetubus (D:6)
  A worm (D:2)
  A dart slug (D:1)
  13 orcs
  2 ball pythons
  5 bats (D:2)
  3 endoplasms
  3 giant cockroaches (D:2)
  3 goblins
  3 hobgoblins
  A frilled lizard (D:3)
  4 kobolds
  2 rats (D:1)
85 creatures vanquished.

Vanquished Creatures (collateral kills)
  An ogre (D:5)
  A worm (D:4)
  An orc (D:9)
  An endoplasm (D:4)
4 creatures vanquished.

Vanquished Creatures (others)
  A centaur zombie (D:10)
  6 orc zombies
  2 gnoll zombies
9 creatures vanquished.

Grand Total: 98 creatures vanquished

Notes
Turn   | Place    | Note
-------+----------+-------------------------------------------
     0 | D:1      | Colgate the Meteoran Necromancer began the quest for the
                  | Orb.
     0 | D:1      | Reached XP level 1. HP: 14/14 MP: 5/5
    82 | D:2      | Reached XP level 2. HP: 20/20 MP: 4/7
    88 | D:2      | Identified the +0 robe of Refaezaf {Will+ Dex+3}
   246 | D:2      | Reached XP level 3. HP: 26/26 MP: 5/9
   295 | D:2      | Identified the ring "Tacothau" {rElec rF+ rC+ Str-5 Slay+4}
   342 | D:1      | Learned a level 3 spell: Vampiric Draining
   458 | D:4      | Noticed a scorpion
   470 | D:3      | Killed a scorpion
   471 | D:3      | Reached skill level 5 in Spellcasting
   471 | D:3      | Reached XP level 4. HP: 22/33 MP: 10/12
   471 | D:3      | Reached XP level 5. HP: 25/38 MP: 11/14
   476 | D:3      | Learned a level 4 spell: Animate Dead
   495 | D:5      | Entered Level 5 of the Dungeon
   577 | D:4      | Reached skill level 5 in Necromancy
   584 | D:4      | Reached XP level 6. HP: 43/45 MP: 0/15
   632 | D:4      | You fall into a shaft and drop 2 floors!
   703 | D:6      | Noticed a sky beast
   720 | D:6      | Reached skill level 6 in Necromancy
   740 | D:6      | Reached XP level 7. HP: 33/50 MP: 3/16
   757 | D:6      | Reached skill level 7 in Necromancy
   949 | D:5      | Found a runed translucent gate.
   950 | D:5      | Found a runed translucent gate.
   970 | D:5      | Noticed blade888's ghost (novice MiFi)
   992 | D:5      | Found a hide-covered altar of Uskayaw.
  1087 | D:5      | Noticed a water moccasin
  1097 | D:5      | Killed a water moccasin
  1098 | D:5      | Reached skill level 8 in Necromancy
  1137 | D:5      | Reached XP level 8. HP: 40/57 MP: 14/17
  1278 | D:5      | Reached skill level 9 in Necromancy
  1312 | D:6      | Reached skill level 1 in Conjurations
  1320 | D:6      | Reached skill level 1 in Earth Magic
  1541 | D:7      | Learned a level 3 spell: Stone Arrow
  1580 | D:8      | Found a shimmering blue altar of Sif Muna.
  1585 | D:8      | Found a stormy altar of Qazlal.
  1586 | D:8      | Found a blossoming altar of Fedhas.
  1586 | D:8      | Found a sacrificial altar of Ru.
  1587 | D:8      | Found a glowing golden altar of the Shining One.
  1588 | D:8      | Found a sparkling altar of Nemelex Xobeh.
  1594 | D:8      | Became a worshipper of Sif Muna the Loreminder
  1606 | D:8      | Identified the +5 whip of Annoyance {vamp, rN++ Int+3 SInv}
  1660 | D:8      | Gained mutation: You passively map the area around you.
                  | [Meteoran growth]
  1660 | D:8      | Reached XP level 9. HP: 21/62 MP: 2/18
  1780 | D:9      | Reached skill level 5 in Conjurations
  1803 | D:9      | Reached skill level 5 in Earth Magic
  1865 | D:9      | Reached skill level 1 in Fighting
  1909 | D:10     | Entered Level 10 of the Dungeon
  2031 | D:10     | Noticed Urug
  2057 | D:10     | Hit by a javelin thrown by Urug

Illustrated notes

Levels and vault maps discovered:
D:1:      psy_arrival_dodecagon, layout_basic, shapermc_ecumenical_altar_ellora
D:2:      layout_rooms, serial_shops, nicolae_shop_pleasant_corner_grove
D:3:      layout_rooms, minmay_strange_pillars, grunt_ministairs_3
D:4:      layout_rooms, minmay_temple_entry_steel_oval, serial_rivers,
          chequers_serial_rivers_small_a, chequers_serial_rivers_micro_a,
          chequers_serial_rivers_marsh, chequers_serial_rivers_marsh
D:5:      layout_basic, kennysheep_ying_yang, eat_drink_and_be_merry_uskayaw,
          gammafunk_ghost_icy, moated_statue, minmay_fractal_squares_gapless_5
D:6:      minmay_chambers_of_fours, layout_loops_cross,
          hangedman_decor_slide_cut
D:7:      layout_rooms, kennysheep_mini_moat, marbit_many_paths,
          nicolae_shop_i_like_small_books_too, minmay_door_square
D:8:      layout_rooms, grunt_temple_overflow_open,
          mainiacjoe_overflow_boulevard
D:9:      layout_basic, uniq_maggie, uniq_erolcha
D:10:     layout_loops_corners, orc_0_dummy, uniq_psyche, uniq_nergalle,
          uniq_gastronok, uniq_urug

Skill      XL: |  1  2  3  4  5  6  7  8  9 |
---------------+----------------------------+-----
Spellcasting   | 3 4 5 |  5.8
Necromancy     | 5 6 8 9 |  9.2
Conjurations   | 3 5 |  5.2
Earth Magic    | 4 5 |  5.2
Fighting       | 2 |  2.2
Dodging        | |  2.4
Stealth        | |  1.4

Action                     |  1- 3 |  4- 6 |  7- 9 || total
---------------------------+-------+-------+-------++-------
  Melee: Dagger            |    14 |    31 |    19 ||    64
         Whip              |       |       |     2 ||     2
   Fire: Orcbow            |       |       |    78 ||    78
   Cast: Necrotise         |    37 |     8 |    11 ||    56
         Vampiric Draining |       |    10 |    26 ||    36
         Animate Dead      |       |     2 |     9 ||    11
         Stone Arrow       |       |       |    14 ||    14
    Use: Scroll            |       |       |    10 ||    10
         Potion            |       |       |     2 ||     2
 Armour: Robe              |     6 |     9 |    22 ||    37
  Dodge: Dodged            |    14 |    19 |    63 ||    96

Table legend: (Time is in decaauts)
 A = Elapsed time spent in this place.
 B = Non-inter-level travel time spent in this place.
 C = Inter-level travel time spent in this place.
 D = Time resting spent in this place.
 E = Time spent auto-exploring this place.
 F = Levels seen in this place.
 G = Mean time per level.
                   A        B        C        D        E       F      G
               +--------+--------+--------+--------+--------+-----+--------+
         Total |   2100 |   2018 |     82 |      0 |      0 |  10 |  210.0 |
       Dungeon |   2100 |   2018 |     82 |      0 |      0 |  10 |  210.0 |
               +--------+--------+--------+--------+--------+-----+--------+

Top non-repeatable levels by time:
     D:5: 489 daAuts
     D:6: 397 daAuts
     D:2: 284 daAuts
     D:8: 201 daAuts
    D:10: 148 daAuts
     D:9: 147 daAuts
     D:3: 144 daAuts
     D:1: 120 daAuts
     D:7: 87 daAuts
     D:4: 79 daAuts
